 Dungeon Crawl Stone Soup version 0.22.0-38-g04b72b8 (webtiles) character file.

8474 CougarLife the Blocker (level 11, -2/89 HPs)
             Began as a Gnoll Fighter on Aug 27, 2018.
             Was a High Priest of Okawaru.
             Slain by a two-headed ogre
             ... wielding a +0 giant spiked club
              (15 damage)
             ... on level 10 of the Dungeon.
             The game lasted 00:26:37 (10749 turns).

CougarLife the Blocker (Gnoll Fighter)             Turns: 10749, Time: 00:26:38

Health: -2/89      AC: 13    Str: 22    XL:     11   Next: 31%
Magic:  19/20      EV: 17    Int: 11    God:    Okawaru [*****.]
Gold:   177        SH:  0    Dex: 14    Spells: 22/22 levels left

rFire    + + .     SeeInvis +   P - +2 triple sword (slice)
rCold    . . .     Gourm    .   (shield currently unavailable)
rNeg     . . .     Faith    .   b - +0 scale mail
rPois    .         Spirit   .   l - +0 helmet of Too Many Cooks {rF++}
rElec    .         Reflect  .   w - +0 cloak
rCorr    .         Harm     .   (no gloves)
MR       .....                  (no boots)
Stlth    +++.......             (no amulet)
HPRegen  0.24/turn              t - ring of see invisible
MPRegen  0.17/turn              (no ring)

@: heroism
A: distributed training, fangs 1, strong nose
a: Heroism, Finesse, Renounce Religion


You were on level 10 of the Dungeon.
You worshipped Okawaru.
Okawaru was extremely pleased with you.
You were not hungry.

You visited 2 branches of the dungeon, and saw 11 of its levels.
You also visited: Sewer.

You collected 597 gold pieces.
You spent 420 gold pieces at shops.

Inventory:

Hand Weapons
 a - a +0 war axe
 P - a +2 triple sword of slicing (weapon)
Missiles
 x - 10 javelins (quivered)
 M - 8 javelins of penetration
Armour
 b - a +0 scale mail (worn)
 l - the +0 helmet of Too Many Cooks (worn) {rF++}
   (You took it off Robin on level 2 of the Dungeon)

   It greatly protects you from fire.
 r - a +0 large shield
 w - a +0 cloak (worn)
Jewellery
 t - a ring of see invisible (left hand)
 H - an uncursed ring of positive energy
 J - a cursed amulet of inaccuracy
Wands
 v - a wand of digging (28)
 I - a wand of acid (11)
 K - a wand of flame (30)
Scrolls
 d - a scroll of fog {unknown}
 e - 7 scrolls of teleportation
 g - a scroll of enchant armour
 h - 2 scrolls of identify
 m - 10 scrolls of remove curse
 s - 2 scrolls of enchant weapon
 u - a scroll of immolation
 y - 2 scrolls of amnesia
 C - 2 scrolls of fear
 D - 2 scrolls of blinking
 E - 2 scrolls of random uselessness {unknown}
 F - 3 scrolls of magic mapping
Potions
 c - 2 potions of berserk rage
 i - 3 potions of mutation {unknown}
 j - 4 potions of heal wounds
 k - a potion of cancellation {unknown}
 n - 3 potions of ambrosia
 o - 7 potions of flight
 p - a potion of brilliance {unknown}
 q - a potion of lignification {unknown}
 z - 3 potions of haste {unknown}
 A - 2 potions of agility {unknown}
 B - 3 potions of degeneration {unknown}
 G - 3 potions of curing
 L - a potion of might
 O - a potion of invisibility
Comestibles
 f - 19 rations


   Skills:
 + Level 9.0(14.0) Fighting
 + Level 6.0(11.0) Short Blades
 + Level 6.0(11.0) Long Blades
 + Level 7.7(12.7) Axes
 + Level 6.0(11.0) Maces & Flails
 + Level 6.0(11.0) Polearms
 + Level 6.0(11.0) Staves
 + Level 6.0(11.0) Slings
 + Level 6.0(11.0) Bows
 + Level 6.0(11.0) Crossbows
 + Level 6.0(11.0) Throwing
 + Level 9.0(14.0) Armour
 + Level 6.0(11.0) Dodging
 + Level 6.0(11.0) Stealth
 + Level 9.0(14.0) Shields
 + Level 6.0(11.0) Unarmed Combat
 + Level 6.0 Spellcasting
 + Level 5.0 Conjurations
 + Level 5.0 Hexes
 + Level 5.0 Charms
 + Level 5.0 Summonings
 + Level 5.0 Necromancy
 + Level 5.0 Translocations
 + Level 5.0 Transmutations
 + Level 5.0 Fire Magic
 + Level 5.0 Ice Magic
 + Level 5.0 Air Magic
 + Level 5.0 Earth Magic
 + Level 5.0 Poison Magic
 + Level 6.6 Invocations
 + Level 6.0 Evocations


You had 22 spell levels left.
You didn't know any spells.
Your spell library contained the following spells:

 Spells                   Type           Power        Failure   Level  Hunger
 Corona                   Hex            ##.....      4%          1    None
 Freeze                   Ice            ##..         4%          1    None
 Ensorcelled Hibernation  Hex/Ice        ##....       8%          2    ##.....
 Throw Frost              Conj/Ice       ##....       8%          2    ##.....
 Confuse                  Hex            ##......     14%         3    ###....
 Dazzling Spray           Conj/Hex       ##....       14%         3    ###....
 Ozocubu's Armour         Chrm/Ice       ##......     14%         3    ###....
 Tukima's Dance           Hex            ##......     14%         3    ###....
 Summon Ice Beast         Ice/Summ       ##......     43%         4    ####...
 Throw Icicle             Conj/Ice       ##......     43%         4    ####...


Dungeon Overview and Level Annotations

Branches:
Dungeon (10/15)            Temple (1/1) D:7
   Lair: D:8-11         Orc: D:9-12

Altars:
Ashenzari
Cheibriados
Dithmenos
Elyvilon
Fedhas
Gozag
Hepliaklqana
Kikubaaqudgha
Makhleb
Nemelex Xobeh
Okawaru
Qazlal
Ru
Sif Muna
Trog
Uskayaw
Vehumet
Wu Jian
Xom
Yredelemnul
Zin
The Shining One

Shops:
D:7 =   D:8 [   D:9 (


Innate Abilities, Weirdness & Mutations

Your experience applies equally to all skills.
You have very sharp teeth.
Your uncanny sense of smell can sniff out nearby items.


Message History

The troll bites you but does no damage. The troll barely misses you.
The troll claws you but does no damage.
You slash the two-headed ogre!
The two-headed ogre is severely wounded.
The two-headed ogre hits you with a giant spiked club!
* * * LOW HITPOINT WARNING * * *
The two-headed ogre completely misses you.
The troll barely misses you. The troll closely misses you. x2
The howler monkey hoots and howls with incredible vigour!
You hear a howl! x2; You hear a shout!
You hear a howl!
You hear a shout! x4
You hear an angry hiss.
You hear a shout!
You hear an angry hiss.
Your scale mail prevents you from hitting the two-headed ogre.
The two-headed ogre is severely wounded.
The troll bites you but does no damage. The troll misses you.
The troll barely misses you. The two-headed ogre barely misses you.
You riposte.
Your scale mail prevents you from hitting the two-headed ogre.
The two-headed ogre is severely wounded.
The two-headed ogre hits you with a giant club!
You die...

.........######..#.#..#.....
≈≈≈.≈....'..#....###.##.....
≈.[.≈....#...............##.
≈...≈....#...............# .
≈.h.≈....#.......##......###
≈.≈≈≈...##..#....##.........
........#.hF#....########...
.......####TO.......#####...
......# #@#...............
#.......##..#.....
##......###.#.###. ##.###..
....# ## #.# ####.#..# # #.#
#........ # ....#..##
......... ....[.


You could see a two-headed ogre, a troll, a bullfrog and a howler monkey.

Vanquished Creatures
  A two-headed ogre (D:9)
  Pikel (D:6)
  A centaur zombie (D:10)
  Psyche (D:8)
  A hippogriff (D:9)
  A shadow (D:9)
  Sigmund (D:2)
  Grum (D:8)
  The ghost of Moonstruck the Chopper, an amateur DsGl of Qazlal (D:4)
  Menkaure (D:4)
  2 humans (D:7)
  Edmund (D:6)
  An orc warrior (D:9)
  2 ice beasts (D:5)
  2 sky beasts
  A black bear (D:8)
  5 ogres
  5 necrophages (D:6)
  3 phantoms
  2 wolves (D:8)
  5 centaurs
  6 bullfrogs
  A wyvern skeleton (D:6)
  5 scorpions
  3 killer bees (D:8)
  16 wights
  5 howler monkeys
  4 crimson imps
  5 hounds
  4 orc priests
  9 orc wizards
  Crazy Yiuf (D:3)
  5 jellies
  A bullfrog skeleton (D:6)
  A centaur skeleton (D:6)
  An iguana (D:5)
  Natasha (twice) (D:2)
  9 worker ants
  A killer bee zombie (D:6)
  A hound zombie (D:6)
  A worker ant zombie (D:5)
  Robin (D:2)
  12 gnolls
  7 adders
  3 shadow imps (D:5)
  11 oozes
  7 worms
  4 dart slugs
  6 leopard geckos
  38 orcs
  12 bats
  4 giant cockroaches
  21 goblins
  14 hobgoblins
  12 jackals
  3 kobolds
  6 quokkas
  4 ball pythons
  5 frilled lizards
  A giant cockroach zombie (D:5)
  A leopard gecko zombie (D:7)
  A quokka zombie (D:6)
  7 rats
  3 bushes (D:6)
303 creatures vanquished.

Vanquished Creatures (others)
  3 plants (D:6)
3 creatures vanquished.

Grand Total: 306 creatures vanquished

Notes
Turn   | Place    | Note
-------+----------+-------------------------------------------
     0 | D:1      | CougarLife the Gnoll Fighter began the quest for the Orb.
     0 | D:1      | Reached XP level 1. HP: 23/23 MP: 1/1
    27 | D:1      | Reached XP level 2. HP: 7/29 MP: 2/2
   381 | D:1      | Reached XP level 3. HP: 31/35 MP: 3/3
   813 | D:2      | Noticed Robin
   817 | D:2      | Reached skill level 1 in Invocations
   832 | D:2      | Reached skill level 1 in Short Blades
   832 | D:2      | Reached skill level 1 in Long Blades
   832 | D:2      | Reached skill level 1 in Maces & Flails
   832 | D:2      | Reached skill level 1 in Polearms
   832 | D:2      | Reached skill level 1 in Staves
   832 | D:2      | Reached skill level 1 in Slings
   832 | D:2      | Reached skill level 1 in Bows
   832 | D:2      | Reached skill level 1 in Crossbows
   832 | D:2      | Reached skill level 1 in Throwing
   832 | D:2      | Reached skill level 1 in Dodging
   832 | D:2      | Reached skill level 1 in Stealth
   832 | D:2      | Reached skill level 1 in Unarmed Combat
   832 | D:2      | Reached skill level 1 in Spellcasting
   832 | D:2      | Reached skill level 1 in Evocations
   839 | D:2      | Killed Robin
   839 | D:2      | Reached XP level 4. HP: 14/41 MP: 5/5
   864 | D:2      | Got a brightly glowing helmet
  1109 | D:2      | Identified the +0 helmet of Too Many Cooks {rF++} (You took it off Robin on level 2 of the Dungeon)
  1132 | D:2      | Noticed Sigmund
  1133 | D:2      | Found an ancient bone altar of Kikubaaqudgha.
  1146 | D:2      | Killed Sigmund
  1146 | D:2      | Reached skill level 1 in Conjurations
  1146 | D:2      | Reached skill level 1 in Hexes
  1146 | D:2      | Reached skill level 1 in Charms
  1146 | D:2      | Reached skill level 1 in Summonings
  1146 | D:2      | Reached skill level 1 in Necromancy
  1146 | D:2      | Reached skill level 1 in Translocations
  1146 | D:2      | Reached skill level 1 in Transmutations
  1146 | D:2      | Reached skill level 1 in Fire Magic
  1146 | D:2      | Reached skill level 1 in Ice Magic
  1146 | D:2      | Reached skill level 1 in Air Magic
  1146 | D:2      | Reached skill level 1 in Earth Magic
  1146 | D:2      | Reached skill level 1 in Poison Magic
  1146 | D:2      | Reached XP level 5. HP: 32/47 MP: 5/7
  1326 | D:2      | Noticed Natasha
  1331 | D:2      | Killed Natasha
  1331 | D:2      | Reached XP level 6. HP: 43/53 MP: 8/8
  1535 | D:2      | Found a blossoming altar of Fedhas.
  1702 | D:2      | Noticed Natasha
  1710 | D:2      | Killed Natasha
  1861 | D:3      | Reached skill level 5 in Axes
  2422 | D:3      | Found a runed door.
  2477 | D:3      | Found a shattered altar of Ashenzari.
  2477 | D:3      | Found an iron altar of Okawaru.
  2729 | D:3      | Noticed Crazy Yiuf
  2736 | D:3      | Killed Crazy Yiuf
  2736 | D:3      | Reached XP level 7. HP: 45/59 MP: 10/10
  2796 | D:3      | Became a worshipper of Warmaster Okawaru
  3219 | D:4      | Noticed Menkaure
  3232 | D:4      | Killed Menkaure
  3488 | D:4      | Reached * piety under Okawaru
  3584 | D:4      | Reached XP level 8. HP: 40/67 MP: 12/12
  4115 | D:4      | Found a runed gate.
  4115 | D:4      | Found a runed gate.
  4115 | D:4      | Found an opulent altar of Gozag.
  4155 | D:4      | Found a runed gate.
  4155 | D:4      | Noticed Moonstruck's ghost (amateur DsGl)
  4306 | D:4      | Killed Moonstruck's ghost
  4347 | D:5      | Entered Level 5 of the Dungeon
  4459 | D:5      | Reached ** piety under Okawaru
  4781 | D:5      | Reached XP level 9. HP: 40/72 MP: 14/14
  4916 | D:5      | Found a glowing drain.
  4925 | Sewer    | Entered a sewer
  6458 | D:6      | Noticed Edmund
  6464 | D:6      | Killed Edmund
  6736 | D:6      | Noticed Pikel
  6757 | D:6      | Killed Pikel
  6757 | D:6      | Reached *** piety under Okawaru
  6872 | D:6      | Found a blossoming altar of Fedhas.
  6952 | D:6      | Reached skill level 5 in Invocations
  7156 | D:6      | Reached XP level 10. HP: 80/80 MP: 15/17
  7286 | D:7      | Found an iron altar of Okawaru.
  7344 | D:7      | Found Zoweer's Jewellery Emporium.
  7359 | D:7      | Found a hazy altar of Hepliaklqana.
  7361 | D:7      | Found a hide-covered altar of Uskayaw.
  7361 | D:7      | Found a radiant altar of Vehumet.
  7391 | D:7      | Reached **** piety under Okawaru
  7397 | D:7      | Reached skill level 5 in Short Blades
  7397 | D:7      | Reached skill level 5 in Long Blades
  7397 | D:7      | Reached skill level 5 in Maces & Flails
  7397 | D:7      | Reached skill level 5 in Polearms
  7397 | D:7      | Reached skill level 5 in Staves
  7397 | D:7      | Reached skill level 5 in Slings
  7397 | D:7      | Reached skill level 5 in Bows
  7397 | D:7      | Reached skill level 5 in Crossbows
  7397 | D:7      | Reached skill level 5 in Throwing
  7397 | D:7      | Reached skill level 5 in Dodging
  7397 | D:7      | Reached skill level 5 in Stealth
  7397 | D:7      | Reached skill level 5 in Unarmed Combat
  7397 | D:7      | Reached skill level 5 in Spellcasting
  7397 | D:7      | Reached skill level 5 in Evocations
  8023 | D:7      | Found a staircase to the Ecumenical Temple.
  8052 | Temple   | Entered the Ecumenical Temple
  8704 | D:8      | Found a glowing silver altar of Zin.
  8740 | D:8      | Noticed Psyche
  8744 | D:8      | Killed Psyche
  8751 | D:8      | Found Jauqei's Armour Emporium.
  8956 | D:8      | Noticed Grum
  8982 | D:8      | Killed Grum
  9904 | D:9      | Found an iron altar of Okawaru.
  9978 | D:9      | Reached XP level 11. HP: 86/87 MP: 19/19
 10028 | D:9      | Noticed a two-headed ogre
 10037 | D:9      | Killed a two-headed ogre
 10037 | D:9      | Reached ***** piety under Okawaru
 10037 | D:9      | Received a gift from Okawaru
 10426 | D:9      | Received a gift from Okawaru
 10463 | D:9      | Found Piomoqaw's Antique Weapon Emporium.
 10478 | D:9      | Bought an ancient shortbow for 160 gold pieces
 10480 | D:9      | Identified the cursed +1 shortbow "Xupn" {velocity, +Fly rElec rC- rN+} (You bought it in a shop on level 9 of the Dungeon)
 10482 | D:9      | Bought a glowing triple sword for 260 gold pieces
 10656 | D:10     | Entered Level 10 of the Dungeon
 10662 | D:10     | Reached skill level 5 in Conjurations
 10662 | D:10     | Reached skill level 5 in Hexes
 10662 | D:10     | Reached skill level 5 in Charms
 10662 | D:10     | Reached skill level 5 in Summonings
 10662 | D:10     | Reached skill level 5 in Necromancy
 10662 | D:10     | Reached skill level 5 in Translocations
 10662 | D:10     | Reached skill level 5 in Transmutations
 10662 | D:10     | Reached skill level 5 in Fire Magic
 10662 | D:10     | Reached skill level 5 in Ice Magic
 10662 | D:10     | Reached skill level 5 in Air Magic
 10662 | D:10     | Reached skill level 5 in Earth Magic
 10662 | D:10     | Reached skill level 5 in Poison Magic
 10729 | D:10     | Noticed a two-headed ogre
 10749 | D:10     | Slain by a two-headed ogre

Skill      XL: |  1  2  3  4  5  6  7  8  9 10 11 |
---------------+----------------------------------+-----
Invocations    | 1 2 3 4 5 6 |  6.6
Short Blades   | 1 2 3 4 5 6 |  6.0
Long Blades    | 1 2 3 4 5 6 |  6.0
Maces & Flails | 1 2 3 4 5 6 |  6.0
Polearms       | 1 2 3 4 5 6 |  6.0
Staves         | 1 2 3 4 5 6 |  6.0
Slings         | 1 2 3 4 5 6 |  6.0
Bows           | 1 2 3 4 5 6 |  6.0
Crossbows      | 1 2 3 4 5 6 |  6.0
Throwing       | 1 2 3 4 5 6 |  6.0
Dodging        | 1 2 3 4 5 6 |  6.0
Stealth        | 1 2 3 4 5 6 |  6.0
Unarmed Combat | 1 2 3 4 5 6 |  6.0
Spellcasting   | 1 2 3 4 5 6 |  6.0
Evocations     | 1 2 3 4 5 6 |  6.0
Conjurations   | 1 2 3 4 5 |  5.0
Hexes          | 1 2 3 4 5 |  5.0
Charms         | 1 2 3 4 5 |  5.0
Summonings     | 1 2 3 4 5 |  5.0
Necromancy     | 1 2 3 4 5 |  5.0
Translocations | 1 2 3 4 5 |  5.0
Transmutations | 1 2 3 4 5 |  5.0
Fire Magic     | 1 2 3 4 5 |  5.0
Ice Magic      | 1 2 3 4 5 |  5.0
Air Magic      | 1 2 3 4 5 |  5.0
Earth Magic    | 1 2 3 4 5 |  5.0
Poison Magic   | 1 2 3 4 5 |  5.0
Axes           | 5 6 7 |  7.7
Fighting       | 7 8 9 |  9.0
Armour         | 7 8 9 |  9.0
Shields        | 7 8 9 |  9.0

Action                   |  1- 3 |  4- 6 |  7- 9 | 10-12 || total
-------------------------+-------+-------+-------+-------++-------
Melee: War axe           |    68 |   151 |   459 |   441 ||  1119
       Bite              |     8 |    20 |    68 |    63 ||   159
       Triple sword      |       |       |       |    19 ||    19
Invok: Heroism           |       |       |     4 |     5 ||     9
  Use: Scroll            |       |     4 |     8 |     5 ||    17
       Potion            |       |       |     3 |     1 ||     4
 Stab: Sleeping          |       |       |     1 |     4 ||     5
  Eat: Chunk             |       |     6 |     8 |    10 ||    24
       Ration            |       |       |     2 |     1 ||     3
Armor: Scale mail        |    20 |    60 |   107 |   115 ||   302
Dodge: Dodged            |    23 |    38 |   111 |   151 ||   323
Block: Shield            |    51 |    84 |       |       ||   135
       Large shield      |       |    27 |   394 |   400 ||   821
       Rpst.: Triple sword |       |       |       |    13 ||    13
